Workbook
Name \F: #REF!
Name \I: #REF!
Name \R: #REF!
Name \S: [1]COMPOS1!#REF!
Name _____________SL6: NA()
Name ____________SL6: NA()
Name ___________SL6: NA()
Name __________SL6: NA()
Name _________SL6: NA()
Name ________SL6: NA()
Name _______SL6: NA()
Name ______SL6: NA()
Name _____SL6: NA()
Name ____SL6: NA()
Name ____sub1: #REF!
Name ____sub3: #REF!
Name ___SL6: NA()
Name ___sub2: #REF!
Name ___sub4: #REF!
Name ___tq200: '[2]Caracteristicas 1'!#REF!
Name ___tq300: '[2]Caracteristicas 1'!#REF!
Name ___xlfn_IFNA: #N/A
Name __RET1: [3]Regula!$J$36
Name __SL6: NA()
Name __tq200: '[4]Caracteristicas 1'!#REF!
Name __tq201: '[2]Caracteristicas 1'!#REF!
Name __tq202: #REF!
Name __tq300: '[4]Caracteristicas 1'!#REF!
Name __xlfn_IFNA: #N/A
Name __xlnm.Print_Area_1: #REF!
Name _0: NA()
Name _01_09_96: #REF!
Name _1Excel_BuiltIn__FilterDatabase_3_1: "#N/A"
Name _2Excel_BuiltIn__FilterDatabase_3_1_1: "#N/A"
Name _2Excel_BuiltIn_Print_Area_1_1: #REF!
Name _3Excel_BuiltIn_Print_Area_5_1_1: NA()
Name _4Excel_BuiltIn_Print_Area_5_1_1_1: NA()
Name _ANA1: [5]Analítico01!$A$3:$H$3637
Name _ANA2: [6]Analítico02!$A$3:$I$5338
Name _e: NA()
Name _PL1: #REF!
Name _RET1: [3]Regula!$J$36
Name _sds2: #REF!
Name _sds3: '[7]SIIG 30'!$A$6:$E$4734
Name _sds5: #REF!
Name _sds6: #REF!
Name _sds7: #REF!,#REF!,#REF!
Name _SL6: NA()
Name _tq200: '[8]Caracteristicas 1'!#REF!
Name _tq201: '[9]Caracteristicas 1'!#REF!
Name _tq202: #REF!
Name _tq300: '[8]Caracteristicas 1'!#REF!
Name a: #REF!
Name a000: #REF!
Name AA: [0]!AA
Name aaaa: '[10]Caracteristicas 1'!#REF!
Name AAAAA: [0]!AAAAA
Name ABC: #REF!
Name ABRE_COLUNAS: NA()
Name ACERTA_TITULOS: NA()

Sheet Orçamento Sintético
A1: PREFEITURA MUNICIPAL DO CABO DE SANTO AGOSTINHO SECRETARIA MUNICIPAL DE EDUCAÇÃO - SME SECRETARIA EXECUTIVA DE PLANEJAMENTO, COORDENAÇÃO E GESTÃO DEMOCRÁTICA SUPERINTENDÊNCIA DE PLANEJAMENTO E INFORMAÇÃO
A4: OBJETO: Contratação especializada de manutenção e reforma predial das escolas da Rede Municipal da Prefeitura do Cabo de Santo Agostinho/PE. | H4: Referências/Bancos:
A7: LOCALIZAÇÃO LOTE 3: Alto Bela Vista, Centro, Charnequinha, Cohab, Cruzeiro, Enseada dos Corais, Gaibú, Garapú, Itapuama, Malaquias, Nazaré, Pirapama, Rosário, São Francisco, São Judas Tadeu, Sapucaia, Suape, Torrinha, Vila Claudete e Vila Dr. Manoel Clementino. | H7: SINAPI - 03/2026 - Pernambuco - Sem Desoneração SINAPI - 12/2025 - Pernambuco - Sem Desoneração SBC - 10/2025 - Pernambuco ORSE - 02/2026 - Sergipe ORSE - 07/2025 - Sergipe SEINFRA - 028 - Ceará CPOS/CDHU - 09/2025 - São Paulo FDE - 07/2025 - São Paulo EMBASA - 06/2025 - sem_encargos COMPESA - 07/2024 - Pernambuco
A10: PLANILHA ORÇAMENTÁRIA SINTÉTICA | H10: BDI: | K10: 0.2667
H11: VALOR TOTAL: | K11: =J400 -> 11220605
A12: Item | B12: Código | C12: Banco | D12: Descrição | E12: Und | F12: Quant. | G12: Valor Unit | H12: Valor Unit com BDI | I12: Total sem BDI | J12: Total com BDI | K12: Peso (%)
A13: 1 | D13: SERVIÇOS PRELIMINARES | I13: =SUM(I14:I58) -> 362938.48 | J13: =SUM(J14:J58) -> 459610.49 | K13: =J13/ $J$400 -> 0.040961293
A14: 1.1 | B14: 97624 | C14: SINAPI | D14: DEMOLIÇÃO DE ALVENARIA DE TIJOLO MACIÇO, DE FORMA MANUAL, SEM REAPROVEITAMENTO. AF_09/2023 | E14: m³ | F14: 35.1 | G14: 120.05 | H14: =(TRUNC(G14 * $K$10,2) + G14) -> 152.06 | I14: =G14*F14 -> 4213.755 | J14: =TRUNC(F14 * H14,2) -> 5337.3 | K14: =J14 / J400 -> 0.00047566954
A15: 1.2 | B15: 8038 | C15: ORSE | D15: Demolição de alvenaria de elementos vazados (cobogó), sem reaproveitamento | E15: m³ | F15: 31.87 | G15: 42.71 | H15: =(TRUNC(G15 * $K$10,2) + G15) -> 54.1 | I15: =G15*F15 -> 1361.1677 | J15: =TRUNC(F15 * H15,2) -> 1724.16 | K15: =J15 / J400 -> 0.00015366016
A16: 1.3 | B16: 97626 | C16: SINAPI | D16: DEMOLIÇÃO DE PILARES E VIGAS EM CONCRETO ARMADO, DE FORMA MANUAL, SEM REAPROVEITAMENTO. AF_09/2023 | E16: m³ | F16: 13.5 | G16: 641.72 | H16: =(TRUNC(G16 * $K$10,2) + G16) -> 812.86 | I16: =G16*F16 -> 8663.22 | J16: =TRUNC(F16 * H16,2) -> 10973.61 | K16: =J16 / J400 -> 0.00097798737
A17: 1.4 | B17: 13 | C17: ORSE | D17: Demolição de concreto manualmente | E17: m³ | F17: 27 | G17: 285.68 | H17: =(TRUNC(G17 * $K$10,2) + G17) -> 361.87 | I17: =G17*F17 -> 7713.36 | J17: =TRUNC(F17 * H17,2) -> 9770.49 | K17: =J17 / J400 -> 0.0008707632
A18: 1.5 | B18: 10.03.04U | C18: COMPESA | D18: DEMOLIÇÃO DE PISO CIMENTADO SOBRE LASTRO DE CONCRETO. | E18: m² | F18: 270 | G18: 35.18 | H18: =(TRUNC(G18 * $K$10,2) + G18) -> 44.56 | I18: =G18*F18 -> 9498.6 | J18: =TRUNC(F18 * H18,2) -> 12031.2 | K18: =J18 / J400 -> 0.0010722416
A19: 1.6 | B19: 10.03.03U | C19: COMPESA | D19: DEMOLIÇÃO DE PISO CIMENTADO. | E19: m² | F19: 270 | G19: 17.59 | H19: =(TRUNC(G19 * $K$10,2) + G19) -> 22.28 | I19: =G19*F19 -> 4749.3 | J19: =TRUNC(F19 * H19,2) -> 6015.6 | K19: =J19 / J400 -> 0.00053612082
A20: 1.7 | B20: 3258 | C20: ORSE | D20: Demolição de piso em lajota hexagonal | E20: m² | F20: 81 | G20: 14.26 | H20: =(TRUNC(G20 * $K$10,2) + G20) -> 18.06 | I20: =G20*F20 -> 1155.06 | J20: =TRUNC(F20 * H20,2) -> 1462.86 | K20: =J20 / J400 -> 0.00013037265
A21: 1.8 | B21: 97635 | C21: SINAPI | D21: REMOÇÃO DE PISO DE BLOCO INTERTRAVADO OU DE PEDRA PORTUGUESA, DE FORMA MANUAL, COM REAPROVEITAMENTO. AF_09/2023 | E21: m² | F21: 81 | G21: 19.44 | H21: =(TRUNC(G21 * $K$10,2) + G21) -> 24.62 | I21: =G21*F21 -> 1574.64 | J21: =TRUNC(F21 * H21,2) -> 1994.22 | K21: =J21 / J400 -> 0.00017772838
A22: 1.9 | B22: 10.01.10U | C22: COMPESA | D22: DEMOLIÇÃO DE REVESTIMENTO CERÂMICO OU AZULEJO. (EM PROCESSO DE DESCONTINUAÇÃO). | E22: m² | F22: 900 | G22: 27.07 | H22: =(TRUNC(G22 * $K$10,2) + G22) -> 34.28 | I22: =G22*F22 -> 24363 | J22: =TRUNC(F22 * H22,2) -> 30852 | K22: =J22 / J400 -> 0.0027495843
A23: 1.10 | B23: 10.01.07U | C23: COMPESA | D23: DEMOLIÇÃO DE REVESTIMENTO EM ARGAMASSA DE CAL, CIMENTO OU MISTA. (EM PROCESSO DE DESCONTINUAÇÃO). | E23: m² | F23: 900 | G23: 13.53 | H23: =(TRUNC(G23 * $K$10,2) + G23) -> 17.13 | I23: =G23*F23 -> 12177 | J23: =TRUNC(F23 * H23,2) -> 15417 | K23: =J23 / J400 -> 0.0013739901
A24: 1.11 | B24: 12 | C24: ORSE | D24: Demolição de forros | E24: m² | F24: 900 | G24: 8.77 | H24: =(TRUNC(G24 * $K$10,2) + G24) -> 11.1 | I24: =G24*F24 -> 7893 | J24: =TRUNC(F24 * H24,2) -> 9990 | K24: =J24 / J400 -> 0.00089032632
A25: 1.12 | B25: 72238 | C25: SINAPI | D25: RETIRADA DE FORRO EM REGUAS DE PVC, INCLUSIVE RETIRADA DE PERFIS | E25: m² | F25: 900 | G25: 10.5 | H25: =(TRUNC(G25 * $K$10,2) + G25) -> 13.3 | I25: =G25*F25 -> 9450 | J25: =TRUNC(F25 * H25,2) -> 11970 | K25: =J25 / J400 -> 0.0010667874
A26: 1.13 | B26: 89263 | C26: SINAPI | D26: DEMOLICAO DE ESTRUTURA METALICA SEM REMOCAO | E26: m² | F26: 500 | G26: 45.29 | H26: =(TRUNC(G26 * $K$10,2) + G26) -> 57.36 | I26: =G26*F26 -> 22645 | J26: =TRUNC(F26 * H26,2) -> 28680 | K26: =J26 / J400 -> 0.0025560119
A27: 1.14 | B27: 5005 | C27: ORSE | D27: Demolição de madeiramento de telhado de fibro-cimento 4mm e reassentamento para telha de fibro-cimento 8mm | E27: m² | F27: 900 | G27: 43.9 | H27: =(TRUNC(G27 * $K$10,2) + G27) -> 55.6 | I27: =G27*F27 -> 39510 | J27: =TRUNC(F27 * H27,2) -> 50040 | K27: =J27 / J400 -> 0.0044596526
A28: 1.15 | B28: 30 | C28: ORSE | D28: Demolição de madeiramento em coberturas com telhas cerâmicas | E28: m² | F28: 1000 | G28: 28.58 | H28: =(TRUNC(G28 * $K$10,2) + G28) -> 36.2 | I28: =G28*F28 -> 28580 | J28: =TRUNC(F28 * H28,2) -> 36200 | K28: =J28 / J400 -> 0.0032262075
A29: 1.16 | B29: 97652 | C29: SINAPI | D29: REMOÇÃO DE TESOURAS DE MADEIRA, COM VÃO MAIOR OU IGUAL A 8M, DE FORMA MANUAL, SEM REAPROVEITAMENTO. AF_09/2023 | E29: UN | F29: 13 | G29: 210.94 | H29: =(TRUNC(G29 * $K$10,2) + G29) -> 267.19 | I29: =G29*F29 -> 2742.22 | J29: =TRUNC(F29 * H29,2) -> 3473.47 | K29: =J29 / J400 -> 0.00030956174
A30: 1.17 | B30: 97650 | C30: SINAPI | D30: REMOÇÃO DE TRAMA DE MADEIRA PARA COBERTURA, DE FORMA MANUAL, SEM REAPROVEITAMENTO. AF_09/2023 | E30: m² | F30: 500 | G30: 8.54 | H30: =(TRUNC(G30 * $K$10,2) + G30) -> 10.81 | I30: =G30*F30 -> 4270 | J30: =TRUNC(F30 * H30,2) -> 5405 | K30: =J30 / J400 -> 0.00048170308
A31: 1.18 | B31: 10.10.02U | C31: COMPESA | D31: RETIRADA DE TELHAS CERÂMICAS OU DE VIDRO (EM PROCESSO DE DESCONTINUAÇÃO). | E31: m² | F31: 1600 | G31: 12.04 | H31: =(TRUNC(G31 * $K$10,2) + G31) -> 15.25 | I31: =G31*F31 -> 19264 | J31: =TRUNC(F31 * H31,2) -> 24400 | K31: =J31 / J400 -> 0.0021745708
A32: 1.19 | B32: 7218 | C32: ORSE | D32: Remoção de impermeabilização com manta asfaltica | E32: m² | F32: 270 | G32: 7.48 | H32: =(TRUNC(G32 * $K$10,2) + G32) -> 9.47 | I32: =G32*F32 -> 2019.6 | J32: =TRUNC(F32 * H32,2) -> 2556.9 | K32: =J32 / J400 -> 0.00022787541
A33: 1.20 | B33: PRE.0021 - 03.UND | C33: Próprio | D33: RETIRADA DE ESQUADRIAS DE MADEIRA OU METALICAS | E33: m² | F33: 324 | G33: 20.42 | H33: =(TRUNC(G33 * $K$10,2) + G33) -> 25.86 | I33: =G33*F33 -> 6616.08 | J33: =TRUNC(F33 * H33,2) -> 8378.64 | K33: =J33 / J400 -> 0.00074671909
A34: 1.21 | B34: 97645 | C34: SINAPI | D34: REMOÇÃO DE JANELAS, DE FORMA MANUAL, SEM REAPROVEITAMENTO. AF_09/2023 | E34: m² | F34: 270 | G34: 27.47 | H34: =(TRUNC(G34 * $K$10,2) + G34) -> 34.79 | I34: =G34*F34 -> 7416.9 | J34: =TRUNC(F34 * H34,2) -> 9393.3 | K34: =J34 / J400 -> 0.00083714737
A35: 1.22 | B35: 7725 | C35: ORSE | D35: Remoção de pintura látex (raspagem e/ou lixamento e/ou escovação) | E35: m² | F35: 1600 | G35: 7.8 | H35: =(TRUNC(G35 * $K$10,2) + G35) -> 9.88 | I35: =G35*F35 -> 12480 | J35: =TRUNC(F35 * H35,2) -> 15808 | K35: =J35 / J400 -> 0.0014088367
A36: 1.23 | B36: 85421 | C36: SINAPI | D36: REMOCAO DE VIDRO COMUM | E36: m² | F36: 250 | G36: 16.94 | H36: =(TRUNC(G36 * $K$10,2) + G36) -> 21.45 | I36: =G36*F36 -> 4235 | J36: =TRUNC(F36 * H36,2) -> 5362.5 | K36: =J36 / J400 -> 0.0004779154
A37: 1.24 | B37: 97665 | C37: SINAPI | D37: REMOÇÃO DE LUMINÁRIAS, DE FORMA MANUAL, SEM REAPROVEITAMENTO. AF_09/2023 | E37: UN | F37: 800 | G37: 2.02 | H37: =(TRUNC(G37 * $K$10,2) + G37) -> 2.55 | I37: =G37*F37 -> 1616 | J37: =TRUNC(F37 * H37,2) -> 2040 | K37: =J37 / J400 -> 0.00018180838
A38: 1.25 | B38: 85407 | C38: SINAPI | D38: REMOCAO DE FIACAO ELETRICA | E38: M | F38: 540 | G38: 14.51 | H38: =(TRUNC(G38 * $K$10,2) + G38) -> 18.37 | I38: =G38*F38 -> 7835.4 | J38: =TRUNC(F38 * H38,2) -> 9919.8 | K38: =J38 / J400 -> 0.00088406997
A39: 1.26 | B39: 97660 | C39: SINAPI | D39: REMOÇÃO DE INTERRUPTORES/TOMADAS ELÉTRICAS, DE FORMA MANUAL, SEM REAPROVEITAMENTO. AF_09/2023 | E39: UN | F39: 270 | G39: 0.75 | H39: =(TRUNC(G39 * $K$10,2) + G39) -> 0.95 | I39: =G39*F39 -> 202.5 | J39: =TRUNC(F39 * H39,2) -> 256.5 | K39: =J39 / J400 -> 2.285973e-05
A40: 1.27 | B40: 8387 | C40: ORSE | D40: Remoção de bancada de granito (ou marmore) | E40: m² | F40: 27 | G40: 23.19 | H40: =(TRUNC(G40 * $K$10,2) + G40) -> 29.37 | I40: =G40*F40 -> 626.13 | J40: =TRUNC(F40 * H40,2) -> 792.99 | K40: =J40 / J400 -> 7.0672659e-05
A41: 1.28 | B41: 97663 | C41: SINAPI | D41: REMOÇÃO DE LOUÇAS, DE FORMA MANUAL, SEM REAPROVEITAMENTO. AF_09/2023 | E41: UN | F41: 270 | G41: 14.19 | H41: =(TRUNC(G41 * $K$10,2) + G41) -> 17.97 | I41: =G41*F41 -> 3831.3 | J41: =TRUNC(F41 * H41,2) -> 4851.9 | K41: =J41 / J400 -> 0.00043240984
A42: 1.29 | B42: 97664 | C42: SINAPI | D42: REMOÇÃO DE ACESSÓRIOS, DE FORMA MANUAL, SEM REAPROVEITAMENTO. AF_09/2023 | E42: UN | F42: 270 | G42: 1.77 | H42: =(TRUNC(G42 * $K$10,2) + G42) -> 2.24 | I42: =G42*F42 -> 477.9 | J42: =TRUNC(F42 * H42,2) -> 604.8 | K42: =J42 / J400 -> 5.3900837e-05
A43: 1.30 | B43: 97662 | C43: SINAPI | D43: REMOÇÃO DE TUBULAÇÕES (TUBOS E CONEXÕES) DE ÁGUA FRIA, DE FORMA MANUAL, SEM REAPROVEITAMENTO. AF_09/2023 | E43: M | F43: 130.95 | G43: 0.57 | H43: =(TRUNC(G43 * $K$10,2) + G43) -> 0.72 | I43: =G43*F43 -> 74.6415 | J43: =TRUNC(F43 * H43,2) -> 94.28 | K43: =J43 / J400 -> 8.4023989e-06
A44: 1.31 | B44: 2476 | C44: ORSE | D44: Rasgos em alvenaria para passagem de tubulação diâm 1/2" a 1" | E44: m | F44: 200 | G44: 7.31 | H44: =(TRUNC(G44 * $K$10,2) + G44) -> 9.25 | I44: =G44*F44 -> 1462 | J44: =TRUNC(F44 * H44,2) -> 1850 | K44: =J44 / J400 -> 0.00016487524
A45: 1.32 | B45: 90446 | C45: SINAPI | D45: RASGO LINEAR MECANIZADO EM CONTRAPISO, PARA RAMAIS/ DISTRIBUIÇÃO DE INSTALAÇÕES HIDRÁULICAS, DIÂMETROS MAIORES QUE 75 MM E MENORES OU IGUAIS A 100 MM. AF_09/2023_PS | E45: M | F45: 54 | G45: 21.85 | H45: =(TRUNC(G45 * $K$10,2) + G45) -> 27.67 | I45: =G45*F45 -> 1179.9 | J45: =TRUNC(F45 * H45,2) -> 1494.18 | K45: =J45 / J400 -> 0.00013316394
A46: 1.33 | B46: 90443 | C46: SINAPI | D46: RASGO LINEAR MANUAL EM ALVENARIA, PARA RAMAIS/ DISTRIBUIÇÃO DE INSTALAÇÕES HIDRÁULICAS, DIÂMETROS MENORES OU IGUAIS A 40 MM. AF_09/2023 | E46: M | F46: 108 | G46: 8.54 | H46: =(TRUNC(G46 * $K$10,2) + G46) -> 10.81 | I46: =G46*F46 -> 922.32 | J46: =TRUNC(F46 * H46,2) -> 1167.48 | K46: =J46 / J400 -> 0.00010404786
A47: 1.34 | B47: 01.03.10U | C47: COMPESA | D47: ISOLAMENTO DE OBRA COM FITA DE SINALIZAÇÃO (ZEBRADA) E CONE DE SINALIZAÇÃO A CADA 2M, PADRÃO COMPESA / NTC - 108 | E47: M | F47: 540 | G47: 1.53 | H47: =(TRUNC(G47 * $K$10,2) + G47) -> 1.93 | I47: =G47*F47 -> 826.2 | J47: =TRUNC(F47 * H47,2) -> 1042.2 | K47: =J47 / J400 -> 9.2882692e-05
A48: 1.35 | B48: 98532 | C48: SINAPI | D48: PODA EM ALTURA DE ÁRVORE COM DIÂMETRO DE TRONCO MENOR QUE 0,20 M. AF_03/2024 | E48: UN | F48: 11 | G48: 34.57 | H48: =(TRUNC(G48 * $K$10,2) + G48) -> 43.78 | I48: =G48*F48 -> 380.27 | J48: =TRUNC(F48 * H48,2) -> 481.58 | K48: =J48 / J400 -> 4.2919254e-05
A49: 1.36 | B49: 98524 | C49: SINAPI | D49: LIMPEZA MANUAL DE VEGETAÇÃO EM TERRENO COM ENXADA. AF_03/2024 | E49: m² | F49: 3600 | G49: 5.17 | H49: =(TRUNC(G49 * $K$10,2) + G49) -> 6.54 | I49: =G49*F49 -> 18612 | J49: =TRUNC(F49 * H49,2) -> 23544 | K49: =J49 / J400 -> 0.0020982826
A50: 1.37 | B50: C3095 | C50: SEINFRA | D50: LIMPEZA DE SUPERFÍCIE C/ ESCOVA DE AÇO | E50: m² | F50: 194.7285 | G50: 8.1 | H50: =(TRUNC(G50 * $K$10,2) + G50) -> 10.26 | I50: =G50*F50 -> 1577.3009 | J50: =TRUNC(F50 * H50,2) -> 1997.91 | K50: =J50 / J400 -> 0.00017805724
A51: 1.38 | B51: 104482 | C51: SINAPI | D51: ESGOTAMENTO DE VALA COM BOMBA SUBMERSÍVEL. AF_12/2022 | E51: H | F51: 864 | G51: 31.29 | H51: =(TRUNC(G51 * $K$10,2) + G51) -> 39.63 | I51: =G51*F51 -> 27034.56 | J51: =TRUNC(F51 * H51,2) -> 34240.32 | K51: =J51 / J400 -> 0.0030515574
A52: 1.39 | B52: 105009 | C52: SINAPI | D52: LOCAÇÃO CONVENCIONAL DE OBRA, UTILIZANDO GABARITO DE TÁBUAS CORRIDAS PONTALETADAS A CADA 1,50M - 2 UTILIZAÇÕES. AF_03/2024 | E52: M | F52: 50 | G52: 85.67 | H52: =(TRUNC(G52 * $K$10,2) + G52) -> 108.51 | I52: =G52*F52 -> 4283.5 | J52: =TRUNC(F52 * H52,2) -> 5425.5 | K52: =J52 / J400 -> 0.00048353007
A53: 1.40 | B53: 4943 | C53: ORSE | D53: Remoção de telhamento com telhas onduladas fibrocimento ou aluminio | E53: m² | F53: 600 | G53: 10.23 | H53: =(TRUNC(G53 * $K$10,2) + G53) -> 12.95 | I53: =G53*F53 -> 6138 | J53: =TRUNC(F53 * H53,2) -> 7770 | K53: =J53 / J400 -> 0.00069247603
A54: 1.41 | B54: 99814 | C54: SINAPI | D54: LIMPEZA DE SUPERFÍCIE PISO OU PAREDE COM JATO COM JATO DE ALTA PRESSÃO. AF_10/2025 | E54: m² | F54: 300 | G54: 1.7 | H54: =(TRUNC(G54 * $K$10,2) + G54) -> 2.15 | I54: =G54*F54 -> 510 | J54: =TRUNC(F54 * H54,2) -> 645 | K54: =J54 / J400 -> 5.7483531e-05
A55: 1.42 | B55: 278 | C55: ORSE | D55: Limpeza (Lavagem) de telhas | E55: m² | F55: 675 | G55: 3.89 | H55: =(TRUNC(G55 * $K$10,2) + G55) -> 4.92 | I55: =G55*F55 -> 2625.75 | J55: =TRUNC(F55 * H55,2) -> 3321 | K55: =J55 / J400 -> 0.00029597334
A56: 1.43 | B56: 9068 | C56: ORSE | D56: Desobstrução e limpeza de boca-de-lobo | E56: un | F56: 20 | G56: 29.31 | H56: =(TRUNC(G56 * $K$10,2) + G56) -> 37.12 | I56: =G56*F56 -> 586.2 | J56: =TRUNC(F56 * H56,2) -> 742.4 | K56: =J56 / J400 -> 6.616399e-05
A57: 1.44 | B57: ESG_001 | C57: Próprio | D57: ESGOTAMENTO DA REDE ATRAVÉS DO PV, COM CAMINHÃO AUTO VÁCUO, COM CAPACIDADE MÍNIMA DE 10.000L. | E57: un | F57: 20 | G57: 1290.71 | H57: =(TRUNC(G57 * $K$10,2) + G57) -> 1634.94 | I57: =G57*F57 -> 25814.2 | J57: =TRUNC(F57 * H57,2) -> 32698.8 | K57: =J57 / J400 -> 0.0029141744
A58: 1.45 | B58: 0 | C58: Próprio | D58: SERVIÇOS DE LIMPEZA MECÂNICA DOS SISTEMAS DE DRENAGEM (GALERIAS, BOCA DE LOBO, PV, ETC), COM UTILIZAÇÃO DE EQUIPAMENTO COMBINADO HIDROJATO/ SUGADOR/ RECICLADOR | E58: un | F58: 10 | G58: 1373.15 | H58: =(TRUNC(G58 * $K$10,2) + G58) -> 1739.36 | I58: =G58*F58 -> 13731.5 | J58: =TRUNC(F58 * H58,2) -> 17393.6 | K58: =J58 / J400 -> 0.0015501481
A59: 2 | D59: CARGA E TRANSPORTE MANUAL E MECÂNICO | I59: =SUM(I60:I65) -> 35996.36 | J59: =SUM(J60:J65) -> 45590.18 | K59: =J59/ $J$400 -> 0.0040630768
A60: 2.1 | B60: 02.04.07U | C60: COMPESA | D60: TRANSPORTE HORIZONTAL DE MATERIAIS A GRANEL A 60 M DE DISTÂNCIA COM CARRINHO OU JERICA. (EM PROCESSO DE DESCONTINUAÇÃO). | E60: m³ | F60: 100 | G60: 62.61 | H60: =(TRUNC(G60 * $K$10,2) + G60) -> 79.3 | I60: =G60*F60 -> 6261 | J60: =TRUNC(F60 * H60,2) -> 7930 | K60: =J60 / J400 -> 0.00070673551
A61: 2.2 | B61: 72897 | C61: SINAPI | D61: CARGA MANUAL DE ENTULHO EM CAMINHAO BASCULANTE 6 M3 | E61: m³ | F61: 100 | G61: 32.88 | H61: =(TRUNC(G61 * $K$10,2) + G61) -> 41.64 | I61: =G61*F61 -> 3288 | J61: =TRUNC(F61 * H61,2) -> 4164 | K61: =J61 / J400 -> 0.00037110298
A62: 2.3 | B62: 95875 | C62: SINAPI | D62: TRANSPORTE COM CAMINHÃO BASCULANTE DE 10 M³, EM VIA URBANA PAVIMENTADA, DMT ATÉ 30 KM (UNIDADE: M3XKM). AF_07/2020 | E62: M3XKM | F62: 1800 | G62: 2.93 | H62: =(TRUNC(G62 * $K$10,2) + G62) -> 3.71 | I62: =G62*F62 -> 5274 | J62: =TRUNC(F62 * H62,2) -> 6678 | K62: =J62 / J400 -> 0.00059515507
A63: 2.4 | B63: 16.80.097 | C63: FDE | D63: CAÇAMBA DE 4M3 PARA RETIRADA DE ENTULHO | E63: UN | F63: 18 | G63: 740.52 | H63: =(TRUNC(G63 * $K$10,2) + G63) -> 938.01 | I63: =G63*F63 -> 13329.36 | J63: =TRUNC(F63 * H63,2) -> 16884.18 | K63: =J63 / J400 -> 0.0015047477
A64: 2.5 | B64: QBRT_ 14 | C64: Próprio | D64: DESTINAÇÃO FINAL DE RCC (RESÍDUOS DA CONSTRUÇÃO CIVIL) EM USINA DE RECICLAGEM LICENCIADA | E64: T | F64: 50 | G64: 45 | H64: =(TRUNC(G64 * $K$10,2) + G64) -> 57 | I64: =G64*F64 -> 2250 | J64: =TRUNC(F64 * H64,2) -> 2850 | K64: =J64 / J400 -> 0.000253997
A65: 2.6 | B65: 89259 | C65: SINAPI | D65: GUINDAUTO HIDRÁULICO, CAPACIDADE MÁXIMA DE CARGA 6200 KG, MOMENTO MÁXIMO DE CARGA 11,7 TM, ALCANCE MÁXIMO HORIZONTAL 9,70 M, INCLUSIVE CAMINHÃO TOCO PBT 16.000 KG, POTÊNCIA DE 189 CV - DEPRECIAÇÃO. AF_06/2014 | E65: H | F65: 200 | G65: 27.97 | H65: =(TRUNC(G65 * $K$10,2) + G65) -> 35.42 | I65: =G65*F65 -> 5594 | J65: =TRUNC(F65 * H65,2) -> 7084 | K65: =J65 / J400 -> 0.0006313385
A66: 3 | D66: TRABALHOS EM TERRA | I66: =SUM(I67:I74) -> 25556.73 | J66: =SUM(J67:J74) -> 32372.26 | K66: =J66/ $J$400 -> 0.0028850726
A67: 3.1 | B67: 93358 | C67: SINAPI | D67: ESCAVAÇÃO MANUAL DE VALA. AF_09/2024 | E67: m³ | F67: 20 | G67: 95.92 | H67: =(TRUNC(G67 * $K$10,2) + G67) -> 121.5 | I67: =G67*F67 -> 1918.4 | J67: =TRUNC(F67 * H67,2) -> 2430 | K67: =J67 / J400 -> 0.00021656586
A68: 3.2 | B68: 96995 | C68: SINAPI | D68: REATERRO MANUAL APILOADO COM SOQUETE. AF_10/2017 | E68: m³ | F68: 25 | G68: 57.76 | H68: =(TRUNC(G68 * $K$10,2) + G68) -> 73.16 | I68: =G68*F68 -> 1444 | J68: =TRUNC(F68 * H68,2) -> 1829 | K68: =J68 / J400 -> 0.00016300369
A69: 3.3 | B69: 94342 | C69: SINAPI | D69: ATERRO MANUAL DE VALAS COM AREIA PARA ATERRO. AF_08/2023 | E69: m³ | F69: 25 | G69: 124.58 | H69: =(TRUNC(G69 * $K$10,2) + G69) -> 157.8 | I69: =G69*F69 -> 3114.5 | J69: =TRUNC(F69 * H69,2) -> 3945 | K69: =J69 / J400 -> 0.00035158532
A70: 3.4 | B70: 94319 | C70: SINAPI | D70: ATERRO MANUAL DE VALAS COM SOLO ARGILO-ARENOSO. AF_08/2023 | E70: m³ | F70: 10 | G70: 81.89 | H70: =(TRUNC(G70 * $K$10,2) + G70) -> 103.73 | I70: =G70*F70 -> 818.9 | J70: =TRUNC(F70 * H70,2) -> 1037.3 | K70: =J70 / J400 -> 9.2445995e-05
A71: 3.5 | B71: 96616 | C71: SINAPI | D71: LASTRO DE CONCRETO MAGRO, APLICADO EM BLOCOS DE COROAMENTO OU SAPATAS. AF_01/2024 | E71: m³ | F71: 5 | G71: 876.01 | H71: =(TRUNC(G71 * $K$10,2) + G71) -> 1109.64 | I71: =G71*F71 -> 4380.05 | J71: =TRUNC(F71 * H71,2) -> 5548.2 | K71: =J71 / J400 -> 0.00049446531
A72: 3.6 | B72: 100324 | C72: SINAPI | D72: LASTRO COM MATERIAL GRANULAR (PEDRA BRITADA N.1 E PEDRA BRITADA N.2), APLICADO EM PISOS OU LAJES SOBRE SOLO, ESPESSURA DE *10 CM*. AF_01/2024 | E72: m³ | F72: 9 | G72: 192.36 | H72: =(TRUNC(G72 * $K$10,2) + G72) -> 243.66 | I72: =G72*F72 -> 1731.24 | J72: =TRUNC(F72 * H72,2) -> 2192.94 | K72: =J72 / J400 -> 0.00019543866
A73: 3.7 | B73: 8598 | C73: ORSE | D73: Preparo e execução de solo-cimento traço 1:12 em volume, (cimento/arenoso), com compactação e espalhamento, para suporte de fundações, inclusive cimento earenoso comercial | E73: m³ | F73: 9 | G73: 422.18 | H73: =(TRUNC(G73 * $K$10,2) + G73) -> 534.77 | I73: =G73*F73 -> 3799.62 | J73: =TRUNC(F73 * H73,2) -> 4812.93 | K73: =J73 / J400 -> 0.00042893676
A74: 3.8 | B74: 95474 | C74: SINAPI | D74: ALVENARIA DE EMBASAMENTO EM TIJOLOS CERAMICOS MACICOS 5X10X20CM, ASSENTADO COM ARGAMASSA TRACO 1:2:8 (CIMENTO, CAL E AREIA) | E74: m³ | F74: 9 | G74: 927.78 | H74: =(TRUNC(G74 * $K$10,2) + G74) -> 1175.21 | I74: =G74*F74 -> 8350.02 | J74: =TRUNC(F74 * H74,2) -> 10576.89 | K74: =J74 / J400 -> 0.00094263098
A75: 4 | D75: ESTRUTURA DE CONCRETO | I75: =SUM(I76:I103) -> 522517.12 | J75: =SUM(J76:J103) -> 661861.57 | K75: =J75/ $J$400 -> 0.058986264
A76: 4.1 | B76: 96546 | C76: SINAPI | D76: ARMAÇÃO DE BLOCO UTILIZANDO AÇO CA-50 DE 10 MM - MONTAGEM. AF_01/2024 | E76: KG | F76: 20 | G76: 13.86 | H76: =(TRUNC(G76 * $K$10,2) + G76) -> 17.55 | I76: =G76*F76 -> 277.2 | J76: =TRUNC(F76 * H76,2) -> 351 | K76: =J76 / J400 -> 3.1281736e-05
A77: 4.2 | B77: 92778 | C77: SINAPI | D77: ARMAÇÃO DE PILAR OU VIGA DE UMA ESTRUTURA CONVENCIONAL DE CONCRETO ARMADO EM UMA EDIFICAÇÃO TÉRREA OU SOBRADO UTILIZANDO AÇO CA-50 DE 10,0 MM - MONTAGEM. AF_12/2015 | E77: KG | F77: 80 | G77: 12.57 | H77: =(TRUNC(G77 * $K$10,2) + G77) -> 15.92 | I77: =G77*F77 -> 1005.6 | J77: =TRUNC(F77 * H77,2) -> 1273.6 | K77: =J77 / J400 -> 0.00011350547
A78: 4.3 | B78: 92775 | C78: SINAPI | D78: ARMAÇÃO DE PILAR OU VIGA DE UMA ESTRUTURA CONVENCIONAL DE CONCRETO ARMADO EM UMA EDIFICAÇÃO TÉRREA OU SOBRADO UTILIZANDO AÇO CA-60 DE 5,0 MM - MONTAGEM. AF_12/2015 | E78: KG | F78: 80 | G78: 18.45 | H78: =(TRUNC(G78 * $K$10,2) + G78) -> 23.37 | I78: =G78*F78 -> 1476 | J78: =TRUNC(F78 * H78,2) -> 1869.6 | K78: =J78 / J400 -> 0.00016662203
A79: 4.4 | B79: 96545 | C79: SINAPI | D79: ARMAÇÃO DE BLOCO UTILIZANDO AÇO CA-50 DE 8 MM - MONTAGEM. AF_01/2024 | E79: KG | F79: 40 | G79: 15.73 | H79: =(TRUNC(G79 * $K$10,2) + G79) -> 19.92 | I79: =G79*F79 -> 629.2 | J79: =TRUNC(F79 * H79,2) -> 796.8 | K79: =J79 / J400 -> 7.1012213e-05
A80: 4.5 | B80: 96547 | C80: SINAPI | D80: ARMAÇÃO DE BLOCO, VIGA BALDRAME OU SAPATA UTILIZANDO AÇO CA-50 DE 12,5 MM - MONTAGEM. AF_06/2017 | E80: KG | F80: 80 | G80: 10.39 | H80: =(TRUNC(G80 * $K$10,2) + G80) -> 13.16 | I80: =G80*F80 -> 831.2 | J80: =TRUNC(F80 * H80,2) -> 1052.8 | K80: =J80 / J400 -> 9.3827382e-05
A81: 4.6 | B81: 92779 | C81: SINAPI | D81: ARMAÇÃO DE PILAR OU VIGA DE UMA ESTRUTURA CONVENCIONAL DE CONCRETO ARMADO EM UMA EDIFICAÇÃO TÉRREA OU SOBRADO UTILIZANDO AÇO CA-50 DE 12,5 MM - MONTAGEM. AF_12/2015 | E81: KG | F81: 80 | G81: 10.35 | H81: =(TRUNC(G81 * $K$10,2) + G81) -> 13.11 | I81: =G81*F81 -> 828 | J81: =TRUNC(F81 * H81,2) -> 1048.8 | K81: =J81 / J400 -> 9.3470895e-05
A82: 4.7 | B82: 92787 | C82: SINAPI | D82: ARMAÇÃO DE LAJE DE UMA ESTRUTURA CONVENCIONAL DE CONCRETO ARMADO EM UMA EDIFICAÇÃO TÉRREA OU SOBRADO UTILIZANDO AÇO CA-50 DE 10,0 MM - MONTAGEM. AF_12/2015 | E82: KG | F82: 80 | G82: 11.19 | H82: =(TRUNC(G82 * $K$10,2) + G82) -> 14.17 | I82: =G82*F82 -> 895.2 | J82: =TRUNC(F82 * H82,2) -> 1133.6 | K82: =J82 / J400 -> 0.00010102842
A83: 4.8 | B83: 96543 | C83: SINAPI | D83: ARMAÇÃO DE BLOCO UTILIZANDO AÇO CA-60 DE 5 MM - MONTAGEM. AF_01/2024 | E83: KG | F83: 80 | G83: 20.31 | H83: =(TRUNC(G83 * $K$10,2) + G83) -> 25.72 | I83: =G83*F83 -> 1624.8 | J83: =TRUNC(F83 * H83,2) -> 2057.6 | K83: =J83 / J400 -> 0.00018337692
A84: 4.9 | B84: 96539 | C84: SINAPI | D84: FABRICAÇÃO, MONTAGEM E DESMONTAGEM DE FÔRMA PARA VIGA BALDRAME, EM CHAPA DE MADEIRA COMPENSADA RESINADA, E=17 MM, 2 UTILIZAÇÕES. AF_01/2024 | E84: m² | F84: 50 | G84: 134.63 | H84: =(TRUNC(G84 * $K$10,2) + G84) -> 170.53 | I84: =G84*F84 -> 6731.5 | J84: =TRUNC(F84 * H84,2) -> 8526.5 | K84: =J84 / J400 -> 0.00075989663
A85: 4.10 | B85: 96535 | C85: SINAPI | D85: FABRICAÇÃO, MONTAGEM E DESMONTAGEM DE FÔRMA PARA SAPATA, EM MADEIRA SERRADA, E=25 MM, 4 UTILIZAÇÕES. AF_01/2024 | E85: m² | F85: 10 | G85: 143.96 | H85: =(TRUNC(G85 * $K$10,2) + G85) -> 182.35 | I85: =G85*F85 -> 1439.6 | J85: =TRUNC(F85 * H85,2) -> 1823.5 | K85: =J85 / J400 -> 0.00016251352
A86: 4.11 | B86: 92460 | C86: SINAPI | D86: MONTAGEM E DESMONTAGEM DE FÔRMA DE VIGA, ESCORAMENTO METÁLICO, PÉ-DIREITO SIMPLES, EM CHAPA DE MADEIRA RESINADA, 6 UTILIZAÇÕES. AF_09/2020 | E86: m² | F86: 50 | G86: 135.48 | H86: =(TRUNC(G86 * $K$10,2) + G86) -> 171.61 | I86: =G86*F86 -> 6774 | J86: =TRUNC(F86 * H86,2) -> 8580.5 | K86: =J86 / J400 -> 0.00076470921
A87: 4.12 | B87: 92431 | C87: SINAPI | D87: MONTAGEM E DESMONTAGEM DE FÔRMA DE PILARES RETANGULARES E ESTRUTURAS SIMILARES, PÉ-DIREITO SIMPLES, EM CHAPA DE MADEIRA COMPENSADA PLASTIFICADA, 10 UTILIZAÇÕES. AF_09/2020 | E87: m² | F87: 25 | G87: 64.14 | H87: =(TRUNC(G87 * $K$10,2) + G87) -> 81.24 | I87: =G87*F87 -> 1603.5 | J87: =TRUNC(F87 * H87,2) -> 2031 | K87: =J87 / J400 -> 0.00018100628
A88: 4.13 | B88: 92263 | C88: SINAPI | D88: FABRICAÇÃO DE FÔRMA PARA PILARES E ESTRUTURAS SIMILARES, EM CHAPA DE MADEIRA COMPENSADA RESINADA, E = 17 MM. AF_09/2020 | E88: m² | F88: 25 | G88: 168.99 | H88: =(TRUNC(G88 * $K$10,2) + G88) -> 214.05 | I88: =G88*F88 -> 4224.75 | J88: =TRUNC(F88 * H88,2) -> 5351.25 | K88: =J88 / J400 -> 0.00047691278
A89: 4.14 | B89: C4757 | C89: SEINFRA | D89: PRATELEIRA PRÉ-MOLDADA "IN LOCO" DE CONCRETO ESP.=5,0CM | E89: m² | F89: 80 | G89: 276.97 | H89: =(TRUNC(G89 * $K$10,2) + G89) -> 350.83 | I89: =G89*F89 -> 22157.6 | J89: =TRUNC(F89 * H89,2) -> 28066.4 | K89: =J89 / J400 -> 0.0025013268
A90: 4.15 | B90: 103670 | C90: SINAPI | D90: LANÇAMENTO COM USO DE BALDES, ADENSAMENTO E ACABAMENTO DE CONCRETO EM ESTRUTURAS. AF_02/2022 | E90: m³ | F90: 8 | G90: 327.2 | H90: =(TRUNC(G90 * $K$10,2) + G90) -> 414.46 | I90: =G90*F90 -> 2617.6 | J90: =TRUNC(F90 * H90,2) -> 3315.68 | K90: =J90 / J400 -> 0.00029549922
A91: 4.16 | B91: 94972 | C91: SINAPI | D91: CONCRETO FCK = 30MPA, TRAÇO 1:2,1:2,5 (EM MASSA SECA DE CIMENTO/ AREIA MÉDIA/ BRITA 1) - PREPARO MECÂNICO COM BETONEIRA 600 L. AF_05/2021 | E91: m³ | F91: 660 | G91: 572.17 | H91: =(TRUNC(G91 * $K$10,2) + G91) -> 724.76 | I91: =G91*F91 -> 377632.2 | J91: =TRUNC(F91 * H91,2) -> 478341.6 | K91: =J91 / J400 -> 0.042630642
A92: 4.17 | B92: 93183 | C92: SINAPI | D92: VERGA PRÉ-MOLDADA PARA JANELAS COM MAIS DE 1,5 M DE VÃO. AF_03/2016 | E92: M | F92: 20 | G92: 67.49 | H92: =(TRUNC(G92 * $K$10,2) + G92) -> 85.48 | I92: =G92*F92 -> 1349.8 | J92: =TRUNC(F92 * H92,2) -> 1709.6 | K92: =J92 / J400 -> 0.00015236255
A93: 4.18 | B93: 93184 | C93: SINAPI | D93: VERGA PRÉ-MOLDADA COM ATÉ 1,5 M DE VÃO, ESPESSURA DE *20* CM. AF_03/2024 | E93: M | F93: 20 | G93: 30.63 | H93: =(TRUNC(G93 * $K$10,2) + G93) -> 38.79 | I93: =G93*F93 -> 612.6 | J93: =TRUNC(F93 * H93,2) -> 775.8 | K93: =J93 / J400 -> 6.9140656e-05
A94: 4.19 | B94: 93197 | C94: SINAPI | D94: CONTRAVERGA MOLDADA IN LOCO EM CONCRETO, ESPESSURA DE *20* CM. AF_03/2024 | E94: M | F94: 20 | G94: 60.82 | H94: =(TRUNC(G94 * $K$10,2) + G94) -> 77.04 | I94: =G94*F94 -> 1216.4 | J94: =TRUNC(F94 * H94,2) -> 1540.8 | K94: =J94 / J400 -> 0.0001373188
A95: 4.20 | B95: 7823 | C95: ORSE | D95: Laje pré-fabricada treliçada para piso ou cobertura, intereixo 38cm, h=16cm, el. enchimento em EPS h=12cm, inclusive escoramento em madeira e capeamento 4cm. | E95: m² | F95: 120 | G95: 224.93 | H95: =(TRUNC(G95 * $K$10,2) + G95) -> 284.91 | I95: =G95*F95 -> 26991.6 | J95: =TRUNC(F95 * H95,2) -> 34189.2 | K95: =J95 / J400 -> 0.0030470015
A96: 4.21 | B96: 4953 | C96: ORSE | D96: Impermeabilização de alicerce e viga baldrame com 2 demãos de tinta asfálticatipo Neutrol da Vedacit ou similar, exceto argamassa impermeabilização | E96: m² | F96: 90 | G96: 29.6 | H96: =(TRUNC(G96 * $K$10,2) + G96) -> 37.49 | I96: =G96*F96 -> 2664 | J96: =TRUNC(F96 * H96,2) -> 3374.1 | K96: =J96 / J400 -> 0.00030070571
A97: 4.22 | B97: 90280 | C97: SINAPI | D97: GRAUTE FGK=25 MPA; TRAÇO 1:0,02:1,3:1,6 (EM MASSA SECA DE CIMENTO/ CAL/ AREIA GROSSA/ BRITA 0) - PREPARO MECÂNICO COM BETONEIRA 400 L. AF_09/2021 | E97: m³ | F97: 5 | G97: 708.32 | H97: =(TRUNC(G97 * $K$10,2) + G97) -> 897.22 | I97: =G97*F97 -> 3541.6 | J97: =TRUNC(F97 * H97,2) -> 4486.1 | K97: =J97 / J400 -> 0.0003998091
A98: 4.23 | B98: 83730 | C98: SINAPI | D98: REPARO ESTRUTURAL DE ESTRUTURAS DE CONCRETO COM ARGAMASSA POLIMERICA DE ALTO DESEMPENHO, E=2 CM | E98: m² | F98: 25 | G98: 226.85 | H98: =(TRUNC(G98 * $K$10,2) + G98) -> 287.35 | I98: =G98*F98 -> 5671.25 | J98: =TRUNC(F98 * H98,2) -> 7183.75 | K98: =J98 / J400 -> 0.0006402284
A99: 4.24 | B99: 4780 | C99: ORSE | D99: Aplicação de adesivo estrutural base resina epoxi, Compound Adesivo, Vedacit ou similar, aplicação em chumbamento e colagem dos mais diversos materiais deconstrução | E99: m² | F99: 25 | G99: 86.4 | H99: =(TRUNC(G99 * $K$10,2) + G99) -> 109.44 | I99: =G99*F99 -> 2160 | J99: =TRUNC(F99 * H99,2) -> 2736 | K99: =J99 / J400 -> 0.00024383712
A100: 4.25 | B100: 9463 | C100: ORSE | D100: Furo em concreto com broca de vídea, utilizando martele elétrico (diâmetro: 1" / profundidade: 40 cm) | E100: un | F100: 50 | G100: 27.59 | H100: =(TRUNC(G100 * $K$10,2) + G100) -> 34.94 | I100: =G100*F100 -> 1379.5 | J100: =TRUNC(F100 * H100,2) -> 1747 | K100: =J100 / J400 -> 0.0001556957
A101: 4.26 | B101: 7388 | C101: ORSE | D101: Preparação do substrato (superfície de concreto) e armadura por escovamento manual | E101: m² | F101: 50 | G101: 11.3 | H101: =(TRUNC(G101 * $K$10,2) + G101) -> 14.31 | I101: =G101*F101 -> 565 | J101: =TRUNC(F101 * H101,2) -> 715.5 | K101: =J101 / J400 -> 6.3766615e-05
A102: 4.27 | B102: 40197 | C102: SBC | D102: ESCORAMENTO TUBULAR METALICO PARA FORMAS/LAJES CONCRETO | E102: MES | F102: 100 | G102: 54.82 | H102: =(TRUNC(G102 * $K$10,2) + G102) -> 69.44 | I102: =G102*F102 -> 5482 | J102: =TRUNC(F102 * H102,2) -> 6944 | K102: =J102 / J400 -> 0.00061886146
A103: 4.28 | B103: 95957 | C103: SINAPI | D103: (COMPOSIÇÃO REPRESENTATIVA) EXECUÇÃO DE ESTRUTURAS DE CONCRETO ARMADO, PARA EDIFICAÇÃO INSTITUCIONAL TÉRREA, FCK = 25 MPA. AF_01/2017 | E103: m³ | F103: 13 | G103: 3087.34 | H103: =(TRUNC(G103 * $K$10,2) + G103) -> 3910.73 | I103: =G103*F103 -> 40135.42 | J103: =TRUNC(F103 * H103,2) -> 50839.49 | K103: =J103 / J400 -> 0.0045309045
A104: 5 | D104: PAREDES E PAINEIS | I104: =SUM(I105:I118) -> 898413.29 | J104: =SUM(J105:J118) -> 1137954.1 | K104: =J104/ $J$400 -> 0.10141647
A105: 5.1 | B105: 103329 | C105: SINAPI | D105: ALVENARIA DE VEDAÇÃO DE BLOCOS CERÂMICOS FURADOS NA HORIZONTAL DE 9X19X19 CM (ESPESSURA 9 CM) E ARGAMASSA DE ASSENTAMENTO COM PREPARO MANUAL. AF_12/2021 | E105: m² | F105: 500 | G105: 95.1 | H105: =(TRUNC(G105 * $K$10,2) + G105) -> 120.46 | I105: =G105*F105 -> 47550 | J105: =TRUNC(F105 * H105,2) -> 60230 | K105: =J105 / J400 -> 0.0053678032
A106: 5.2 | B106: 101161 | C106: SINAPI | D106: ALVENARIA DE VEDAÇÃO COM ELEMENTO VAZADO DE CONCRETO (COBOGÓ) DE 7X50X50CM E ARGAMASSA DE ASSENTAMENTO COM PREPARO EM BETONEIRA. AF_05/2020 | E106: m² | F106: 120 | G106: 237.47 | H106: =(TRUNC(G106 * $K$10,2) + G106) -> 300.8 | I106: =G106*F106 -> 28496.4 | J106: =TRUNC(F106 * H106,2) -> 36096 | K106: =J106 / J400 -> 0.0032169388
...

Sheet Orçamento Analítico
D1: Obra | E1: Referências/Bancos
D2: MANUTENÇÃO DAS UNIDADES ESCOLARES DO CABO DE SANTO AGOSTINHO_LOTE 3_2026 | E2: SINAPI - 03/2026 - Pernambuco - Sem Desoneração SINAPI - 12/2025 - Pernambuco - Sem Desoneração SBC - 10/2025 - Pernambuco ORSE - 02/2026 - Sergipe ORSE - 07/2025 - Sergipe SEINFRA - 028 - Ceará CPOS/CDHU - 09/2025 - São Paulo FDE - 07/2025 - São Paulo EMBASA - 06/2025 - sem_encargos COMPESA - 07/2024 - Pernambuco
A3: Planilha Orçamentária Analítica
A4: 1 | D4: SERVIÇOS PRELIMINARES
A5: 1.1 | B5: Código | C5: Banco | D5: Descrição | E5: Tipo | F5: Und | G5: Quant. | H5: Valor Unit
A6: Composição | B6: 97624 | C6: SINAPI | D6: DEMOLIÇÃO DE ALVENARIA DE TIJOLO MACIÇO, DE FORMA MANUAL, SEM REAPROVEITAMENTO. AF_09/2023 | E6: Demolições e Remoções | F6: m³ | G6: 1 | H6: 119.26
A7: Composição Auxiliar | B7: 88316 | C7: SINAPI | D7: SERVENTE COM ENCARGOS COMPLEMENTARES | E7: Livro SINAPI: Cálculos e Parâmetros | F7: H | G7: 4.1278 | H7: 24.08
A8: Composição Auxiliar | B8: 88309 | C8: SINAPI | D8: PEDREIRO COM ENCARGOS COMPLEMENTARES | E8: Livro SINAPI: Cálculos e Parâmetros | F8: H | G8: 0.6658 | H8: 29.85
A13: 1.2 | B13: Código | C13: Banco | D13: Descrição | E13: Tipo | F13: Und | G13: Quant. | H13: Valor Unit
A14: Composição | B14: 8038 | C14: ORSE | D14: Demolição de alvenaria de elementos vazados (cobogó), sem reaproveitamento | E14: Demolições / Remoções | F14: m³ | G14: 1 | H14: 45.4485
A15: Item | B15: Código | C15: Banco | D15: Descrição | E15: Tipo | F15: Und | G15: Quant. | H15: Valor Unit
A16: Composição | B16: 10549 | C16: ORSE | D16: Encargos Complementares - Servente | E16: Provisórios | F16: h | G16: 2 | H16: 3.87
A17: Insumo | B17: 00004750/SINAPI | C17: ORSE | D17: Pedreiro (horista) | E17: Mão de Obra | F17: h | G17: 0.15 | H17: 22.45
A18: Insumo | B18: 00006111/SINAPI | C18: ORSE | D18: Servente de obras (horista) | E18: Mão de Obra | F18: h | G18: 2 | H18: 16.89
A19: Composição | B19: 10550 | C19: ORSE | D19: Encargos Complementares - Pedreiro | E19: Provisórios | F19: h | G19: 0.15 | H19: 3.74
A20: Detalhamento de Cálculo ORSE
A21: Item | B21: Código | C21: Banco | D21: Descrição | E21: Tipo | F21: Und | G21: Quant. | H21: Valor Unit
A22: Insumo | B22: 10596 | C22: ORSE | D22: Protetor auricular | E22: Material | F22: un | G22: 0.009675 | H22: 4.85
A23: Insumo | B23: 1651 | C23: ORSE | D23: Óculos branco proteção | E23: Material | F23: pr | G23: 0.00172 | H23: 7
A24: Insumo | B24: 158 | C24: ORSE | D24: Almoço (Participação do empregador) | E24: Material | F24: un | G24: 0.21887 | H24: 14
A25: Insumo | B25: 10362 | C25: ORSE | D25: Seguro de vida e acidente em grupo | E25: Serviços | F25: un | G25: 0.009675 | H25: 12.54
A26: Insumo | B26: 10761 | C26: ORSE | D26: Refeição - café da manhã ( café com leite e dois pães com manteiga) | E26: Serviços | F26: un | G26: 0.21887 | H26: 5
A27: Insumo | B27: 941 | C27: ORSE | D27: Fardamento com mangas curta | E27: Material | F27: un | G27: 0.003225 | H27: 194.68
A28: Insumo | B28: 10517 | C28: ORSE | D28: Exames admissionais/demissionais (checkup) | E28: Serviços | F28: cj | G28: 0.00086 | H28: 300
A29: Insumo | B29: 10492 | C29: ORSE | D29: Cesta Básica | E29: Material | F29: un | G29: 0.009675 | H29: 205
A30: Insumo | B30: 00012895/SINAPI | C30: ORSE | D30: Capacete de seguranca aba frontal com suspensao de polietileno, sem jugular (classe b) | E30: Material | F30: un | G30: 0.00129 | H30: 16.13
A31: Insumo | B31: 4729 | C31: ORSE | D31: Marreta 1 kg com cabo | E31: Material | F31: un | G31: 0.0002 | H31: 37.8
A32: Insumo | B32: 10788 | C32: ORSE | D32: Pá quadrada | E32: Material | F32: un | G32: 0.0004 | H32: 36.9
A33: Insumo | B33: 00012893/SINAPI | C33: ORSE | D33: Bota de seguranca com biqueira de aco e colarinho acolchoado | E33: Material | F33: par | G33: 0.00172 | H33: 88.33
A34: Insumo | B34: 00002711/SINAPI | C34: ORSE | D34: Carrinho de mao, em aco, com capacidade de *45 a 65* l / *100* kg, pneu com camara | E34: Material | F34: un | G34: 0.0004 | H34: 189.9
A35: Insumo | B35: 2378 | C35: ORSE | D35: Vale transporte | E35: Material | F35: un | G35: 0.19801 | H35: 4.5
A36: Insumo | B36: 4728 | C36: ORSE | D36: Talhadeira chata 10" | E36: Material | F36: un | G36: 0.0006 | H36: 18.58
A37: Insumo | B37: 10599 | C37: ORSE | D37: Protetor solar fps 30 com 120ml | E37: Material | F37: un | G37: 0.00387 | H37: 18
A38: Insumo | B38: 00012892/SINAPI | C38: ORSE | D38: Luva raspa de couro, cano curto (punho *7* cm) | E38: Material | F38: par | G38: 0.004945 | H38: 12.99
A39: Insumo | B39: 00012894/SINAPI | C39: ORSE | D39: Capa para chuva em pvc com forro de poliester, com capuz (amarela ou azul) | E39: Material | F39: un | G39: 0.00043 | H39: 24.02
A40: Insumo | B40: 00004750/SINAPI | C40: ORSE | D40: Pedreiro (horista) | E40: Mão de Obra | F40: h | G40: 0.15 | H40: 22.45
A41: Insumo | B41: 00006111/SINAPI | C41: ORSE | D41: Servente de obras (horista) | E41: Mão de Obra | F41: h | G41: 2 | H41: 16.89
A42: Insumo | B42: 10790 | C42: ORSE | D42: Prumo de face | E42: Material | F42: un | G42: 1.5e-05 | H42: 25.95
A43: Insumo | B43: 11247 | C43: ORSE | D43: Serra mármore | E43: Material | F43: un | G43: 1.5e-05 | H43: 327.8
A44: Insumo | B44: 11265 | C44: ORSE | D44: Martelo de borracha com cabo | E44: Material | F44: un | G44: 6e-05 | H44: 18.75
A45: Insumo | B45: 10789 | C45: ORSE | D45: Nível de bolha de madeira | E45: Material | F45: un | G45: 3e-05 | H45: 15.4
A46: Insumo | B46: 11243 | C46: ORSE | D46: Martelo sem unha | E46: Material | F46: un | G46: 1.5e-05 | H46: 28
A47: Insumo | B47: 4174 | C47: ORSE | D47: Desempenadeira de aço lisa, cabo madeira, ref:143, Atlas ou similar | E47: Material | F47: un | G47: 7.5e-05 | H47: 12
A48: Insumo | B48: 11245 | C48: ORSE | D48: Desempoladeira de madeira 12x22 | E48: Material | F48: un | G48: 0.000105 | H48: 11.6
A49: Insumo | B49: 4722 | C49: ORSE | D49: Colher de pedreiro | E49: Material | F49: un | G49: 6e-05 | H49: 18.8
A50: Insumo | B50: 11264 | C50: ORSE | D50: Marreta de 1/2 kg com cabo | E50: Material | F50: un | G50: 3e-05 | H50: 13.52
A51: Insumo | B51: 10282 | C51: ORSE | D51: Regua de alumínio c/ 2,00m (para pedreiro) | E51: Material | F51: un | G51: 3e-05 | H51: 44
A52: Insumo | B52: 11246 | C52: ORSE | D52: Escala métrica de bambú | E52: Material | F52: Un | G52: 0.000105 | H52: 10.22
A57: 1.3 | B57: Código | C57: Banco | D57: Descrição | E57: Tipo | F57: Und | G57: Quant. | H57: Valor Unit
A58: Composição | B58: 97626 | C58: SINAPI | D58: DEMOLIÇÃO DE PILARES E VIGAS EM CONCRETO ARMADO, DE FORMA MANUAL, SEM REAPROVEITAMENTO. AF_09/2023 | E58: Demolições e Remoções | F58: m³ | G58: 1 | H58: 637.51
A59: Composição Auxiliar | B59: 88316 | C59: SINAPI | D59: SERVENTE COM ENCARGOS COMPLEMENTARES | E59: Livro SINAPI: Cálculos e Parâmetros | F59: H | G59: 22.0636 | H59: 24.08
A60: Composição Auxiliar | B60: 88309 | C60: SINAPI | D60: PEDREIRO COM ENCARGOS COMPLEMENTARES | E60: Livro SINAPI: Cálculos e Parâmetros | F60: H | G60: 3.5586 | H60: 29.85
A65: 1.4 | B65: Código | C65: Banco | D65: Descrição | E65: Tipo | F65: Und | G65: Quant. | H65: Valor Unit
A66: Composição | B66: 13 | C66: ORSE | D66: Demolição de concreto manualmente | E66: Demolições / Remoções | F66: m³ | G66: 1 | H66: =ROUND(SUM(H68*G68,H69*G69,H70*G70,H71*G71),2) -> 303.93
A67: Item | B67: Código | C67: Banco | D67: Descrição | E67: Tipo | F67: Und | G67: Quant. | H67: Valor Unit
A68: Insumo | B68: 00004750/SINAPI | C68: ORSE | D68: Pedreiro (horista) | E68: Mão de Obra | F68: h | G68: 1.3 | H68: 22.45
A69: Composição | B69: 10550 | C69: ORSE | D69: Encargos Complementares - Pedreiro | E69: Provisórios | F69: h | G69: 1.3 | H69: 3.74
A70: Composição | B70: 10549 | C70: ORSE | D70: Encargos Complementares - Servente | E70: Provisórios | F70: h | G70: 13 | H70: 3.87
A71: Insumo | B71: 00006111/SINAPI | C71: ORSE | D71: Servente de obras (horista) | E71: Mão de Obra | F71: h | G71: 13 | H71: 16.89
A72: Detalhamento de Cálculo ORSE
A73: Item | B73: Código | C73: Banco | D73: Descrição | E73: Tipo | F73: Und | G73: Quant. | H73: Valor Unit
A74: Insumo | B74: 00004750/SINAPI | C74: ORSE | D74: Pedreiro (horista) | E74: Mão de Obra | F74: h | G74: 1.3 | H74: 22.45
A75: Insumo | B75: 10517 | C75: ORSE | D75: Exames admissionais/demissionais (checkup) | E75: Serviços | F75: cj | G75: 0.00572 | H75: 300
A76: Insumo | B76: 941 | C76: ORSE | D76: Fardamento com mangas curta | E76: Material | F76: un | G76: 0.02145 | H76: 194.68
A77: Insumo | B77: 10492 | C77: ORSE | D77: Cesta Básica | E77: Material | F77: un | G77: 0.06435 | H77: 205
A78: Insumo | B78: 10599 | C78: ORSE | D78: Protetor solar fps 30 com 120ml | E78: Material | F78: un | G78: 0.02574 | H78: 18
A79: Insumo | B79: 00012893/SINAPI | C79: ORSE | D79: Bota de seguranca com biqueira de aco e colarinho acolchoado | E79: Material | F79: par | G79: 0.01144 | H79: 88.33
A80: Insumo | B80: 10790 | C80: ORSE | D80: Prumo de face | E80: Material | F80: un | G80: 0.00013 | H80: 25.95
A81: Insumo | B81: 11247 | C81: ORSE | D81: Serra mármore | E81: Material | F81: un | G81: 0.00013 | H81: 327.8
A82: Insumo | B82: 1651 | C82: ORSE | D82: Óculos branco proteção | E82: Material | F82: pr | G82: 0.01144 | H82: 7
A83: Insumo | B83: 00012892/SINAPI | C83: ORSE | D83: Luva raspa de couro, cano curto (punho *7* cm) | E83: Material | F83: par | G83: 0.03289 | H83: 12.99
A84: Insumo | B84: 11265 | C84: ORSE | D84: Martelo de borracha com cabo | E84: Material | F84: un | G84: 0.00052 | H84: 18.75
A85: Insumo | B85: 10789 | C85: ORSE | D85: Nível de bolha de madeira | E85: Material | F85: un | G85: 0.00026 | H85: 15.4
A86: Insumo | B86: 11243 | C86: ORSE | D86: Martelo sem unha | E86: Material | F86: un | G86: 0.00013 | H86: 28
A87: Insumo | B87: 10761 | C87: ORSE | D87: Refeição - café da manhã ( café com leite e dois pães com manteiga) | E87: Serviços | F87: un | G87: 1.45574 | H87: 5
A88: Insumo | B88: 10596 | C88: ORSE | D88: Protetor auricular | E88: Material | F88: un | G88: 0.06435 | H88: 4.85
A89: Insumo | B89: 4174 | C89: ORSE | D89: Desempenadeira de aço lisa, cabo madeira, ref:143, Atlas ou similar | E89: Material | F89: un | G89: 0.00065 | H89: 12
A90: Insumo | B90: 11245 | C90: ORSE | D90: Desempoladeira de madeira 12x22 | E90: Material | F90: un | G90: 0.00091 | H90: 11.6
A91: Insumo | B91: 4722 | C91: ORSE | D91: Colher de pedreiro | E91: Material | F91: un | G91: 0.00052 | H91: 18.8
A92: Insumo | B92: 11264 | C92: ORSE | D92: Marreta de 1/2 kg com cabo | E92: Material | F92: un | G92: 0.00026 | H92: 13.52
A93: Insumo | B93: 00012894/SINAPI | C93: ORSE | D93: Capa para chuva em pvc com forro de poliester, com capuz (amarela ou azul) | E93: Material | F93: un | G93: 0.00286 | H93: 24.02
A94: Insumo | B94: 00012895/SINAPI | C94: ORSE | D94: Capacete de seguranca aba frontal com suspensao de polietileno, sem jugular (classe b) | E94: Material | F94: un | G94: 0.00858 | H94: 16.13
A95: Insumo | B95: 10362 | C95: ORSE | D95: Seguro de vida e acidente em grupo | E95: Serviços | F95: un | G95: 0.06435 | H95: 12.54
A96: Insumo | B96: 158 | C96: ORSE | D96: Almoço (Participação do empregador) | E96: Material | F96: un | G96: 1.45574 | H96: 14
A97: Insumo | B97: 2378 | C97: ORSE | D97: Vale transporte | E97: Material | F97: un | G97: 1.30832 | H97: 4.5
A98: Insumo | B98: 10282 | C98: ORSE | D98: Regua de alumínio c/ 2,00m (para pedreiro) | E98: Material | F98: un | G98: 0.00026 | H98: 44
A99: Insumo | B99: 11246 | C99: ORSE | D99: Escala métrica de bambú | E99: Material | F99: Un | G99: 0.00091 | H99: 10.22
A100: Insumo | B100: 4729 | C100: ORSE | D100: Marreta 1 kg com cabo | E100: Material | F100: un | G100: 0.0013 | H100: 37.8
A101: Insumo | B101: 10788 | C101: ORSE | D101: Pá quadrada | E101: Material | F101: un | G101: 0.0026 | H101: 36.9
A102: Insumo | B102: 00002711/SINAPI | C102: ORSE | D102: Carrinho de mao, em aco, com capacidade de *45 a 65* l / *100* kg, pneu com camara | E102: Material | F102: un | G102: 0.0026 | H102: 189.9
A103: Insumo | B103: 4728 | C103: ORSE | D103: Talhadeira chata 10" | E103: Material | F103: un | G103: 0.0039 | H103: 18.58
A104: Insumo | B104: 00006111/SINAPI | C104: ORSE | D104: Servente de obras (horista) | E104: Mão de Obra | F104: h | G104: 13 | H104: 16.89
A109: 1.5 | B109: Código | C109: Banco | D109: Descrição | E109: Tipo | F109: Und | G109: Quant. | H109: Valor Unit
A110: Composição | B110: 10.03.04U | C110: COMPESA | D110: DEMOLIÇÃO DE PISO CIMENTADO SOBRE LASTRO DE CONCRETO. | E110: 0 | F110: m² | G110: 1 | H110: =ROUND(SUM(H111*G111,H112*G112),2) -> 35.18
A111: Insumo | B111: SINAPI/88309 | C111: COMPESA | D111: PEDREIRO COM ENCARGOS COMPLEMENTARES | E111: Serviços | F111: H | G111: 0.13 | H111: 29.85
A112: Insumo | B112: SINAPI/88316 | C112: COMPESA | D112: SERVENTE COM ENCARGOS COMPLEMENTARES | E112: Serviços | F112: H | G112: 1.3 | H112: 24.08
A117: 1.6 | B117: Código | C117: Banco | D117: Descrição | E117: Tipo | F117: Und | G117: Quant. | H117: Valor Unit
A118: Composição | B118: 10.03.03U | C118: COMPESA | D118: DEMOLIÇÃO DE PISO CIMENTADO. | E118: 0 | F118: m² | G118: 1 | H118: =ROUND(SUM(H119*G119,H120*G120),2) -> 17.59
A119: Insumo | B119: SINAPI/88316 | C119: COMPESA | D119: SERVENTE COM ENCARGOS COMPLEMENTARES | E119: Serviços | F119: H | G119: 0.65 | H119: 24.08
A120: Insumo | B120: SINAPI/88309 | C120: COMPESA | D120: PEDREIRO COM ENCARGOS COMPLEMENTARES | E120: Serviços | F120: H | G120: 0.065 | H120: 29.85
...

Sheet CRONOGRAMA
D1: Obra | N1: Referências/Bancos
D2: MANUTENÇÃO DAS UNIDADES ESCOLARES DO CABO DE SANTO AGOSTINHO_LOTE 3_2026 | N2: SINAPI - 03/2026 - Pernambuco - Sem Desoneração SINAPI - 12/2025 - Pernambuco - Sem Desoneração SBC - 10/2025 - Pernambuco ORSE - 02/2026 - Sergipe ORSE - 07/2025 - Sergipe SEINFRA - 028 - Ceará CPOS/CDHU - 09/2025 - São Paulo FDE - 07/2025 - São Paulo EMBASA - 06/2025 - sem_encargos COMPESA - 07/2024 - Pernambuco
A10: CRONOGRAMA FÍSICO-FINANCEIRO
A12: ITEM | B12: DESCRIÇÃO | C12: R$ | D12: MÊS
C13: % | D13: 1 | E13: 2 | F13: 3 | G13: 4 | H13: 5 | I13: 6 | J13: 7 | K13: 8 | L13: 9 | M13: 10 | N13: 11 | O13: 12
A14: 1.0 | B14: SERVIÇOS PRELIMINARES | C14: ='Orçamento Sintético'!J13 -> 459610.49 | D14: =$C14*D15 -> 68941.573 | E14: =$C14*E15 -> 45961.049 | F14: =$C14*F15 -> 22980.525 | G14: =$C14*G15 -> 68941.573 | H14: =$C14*H15 -> 45961.049 | I14: =$C14*I15 -> 22980.525 | J14: =$C14*J15 -> 45961.049 | K14: =$C14*K15 -> 68941.573 | ... O14: =$C14*O15 -> 0 | P14: =SUM(D14:K14)-C14 -> -68941.574
C15: =IFERROR(C14/$C$52,0) -> 0.040961293 | D15: 0.15 | E15: 0.1 | F15: 0.05 | G15: 0.15 | H15: 0.1 | I15: 0.05 | J15: 0.1 | K15: 0.15 | L15: 0.1 | M15: 0.05 | P15: =SUM(D15:O15) -> 1
A16: 2.0 | B16: CARGA E TRANSPORTE MANUAL E MECÂNICO | C16: ='Orçamento Sintético'!J59 -> 45590.18 | D16: =$C16*D17 -> 4559.018 | E16: =$C16*E17 -> 6838.527 | F16: =$C16*F17 -> 9118.036 | G16: =$C16*G17 -> 4559.018 | H16: =$C16*H17 -> 2279.509 | I16: =$C16*I17 -> 6838.527 | J16: =$C16*J17 -> 6838.527 | K16: =$C16*K17 -> 2279.509 | ... O16: =$C16*O17 -> 0 | P16: =SUM(D16:O16) -> 45590.18
C17: =IFERROR(C16/$C$52,0) -> 0.0040630768 | D17: 0.1 | E17: 0.15 | F17: 0.2 | G17: 0.1 | H17: 0.05 | I17: 0.15 | J17: 0.15 | K17: 0.05 | L17: 0.05 | P17: =SUM(D17:O17) -> 1
A18: 3.0 | B18: ='Orçamento Sintético'!D66 -> TRABALHOS EM TERRA | C18: ='Orçamento Sintético'!J66 -> 32372.26 | D18: =$C18*D19 -> 3237.226 | E18: =$C18*E19 -> 4855.839 | F18: =$C18*F19 -> 6474.452 | G18: =$C18*G19 -> 3237.226 | H18: =$C18*H19 -> 1618.613 | I18: =$C18*I19 -> 4855.839 | J18: =$C18*J19 -> 4855.839 | K18: =$C18*K19 -> 1618.613 | ... O18: =$C18*O19 -> 0 | P18: =SUM(D18:O18) -> 32372.26
C19: =IFERROR(C18/$C$52,0) -> 0.0028850726 | D19: 0.1 | E19: 0.15 | F19: 0.2 | G19: 0.1 | H19: 0.05 | I19: 0.15 | J19: 0.15 | K19: 0.05 | L19: 0.05 | P19: =SUM(D19:O19) -> 1
A20: 4.0 | B20: ='Orçamento Sintético'!D75 -> ESTRUTURA DE CONCRETO | C20: ='Orçamento Sintético'!J75 -> 661861.57 | D20: =$C20*D21 -> 0 | E20: =$C20*E21 -> 66186.157 | F20: =$C20*F21 -> 99279.235 | G20: =$C20*G21 -> 66186.157 | H20: =$C20*H21 -> 33093.078 | I20: =$C20*I21 -> 99279.235 | J20: =$C20*J21 -> 66186.157 | K20: =$C20*K21 -> 33093.078 | ... O20: =$C20*O21 -> 0 | P20: =SUM(D20:O20) -> 661861.57
C21: =IFERROR(C20/$C$52,0) -> 0.058986264 | E21: 0.1 | F21: 0.15 | G21: 0.1 | H21: 0.05 | I21: 0.15 | J21: 0.1 | K21: 0.05 | L21: 0.05 | M21: 0.1 | N21: 0.15 | P21: =SUM(D21:O21) -> 1
A22: 5.0 | B22: ='Orçamento Sintético'!D104 -> PAREDES E PAINEIS | C22: ='Orçamento Sintético'!J104 -> 1137954.1 | D22: =$C22*D23 -> 0 | E22: =$C22*E23 -> 113795.41 | F22: =$C22*F23 -> 113795.41 | G22: =$C22*G23 -> 56897.707 | H22: =$C22*H23 -> 170693.12 | I22: =$C22*I23 -> 56897.707 | J22: =$C22*J23 -> 170693.12 | K22: =$C22*K23 -> 113795.41 | ... O22: =$C22*O23 -> 0 | P22: =SUM(D22:O22) -> 1137954.1
C23: =IFERROR(C22/$C$52,0) -> 0.10141647 | E23: 0.1 | F23: 0.1 | G23: 0.05 | H23: 0.15 | I23: 0.05 | J23: 0.15 | K23: 0.1 | L23: 0.05 | M23: 0.15 | N23: 0.1 | P23: =SUM(D23:O23) -> 1
A24: 6.0 | B24: ='Orçamento Sintético'!D119 -> COBERTURAS E IMPERMEABILIZAÇÕES | C24: ='Orçamento Sintético'!J119 -> 2832967.1 | D24: =$C24*D25 -> 283296.71 | E24: =$C24*E25 -> 283296.71 | F24: =$C24*F25 -> 283296.71 | G24: =$C24*G25 -> 283296.71 | H24: =$C24*H25 -> 283296.71 | I24: =$C24*I25 -> 283296.71 | J24: =$C24*J25 -> 283296.71 | K24: =$C24*K25 -> 283296.71 | ... O24: =$C24*O25 -> 0 | P24: =SUM(D24:O24) -> 2832967.1
C25: =IFERROR(C24/$C$52,0) -> 0.25247899 | D25: 0.1 | E25: 0.1 | F25: 0.1 | G25: 0.1 | H25: 0.1 | I25: 0.1 | J25: 0.1 | K25: 0.1 | L25: 0.1 | M25: 0.05 | N25: 0.05 | P25: =SUM(D25:O25) -> 1
A26: 7.0 | B26: ='Orçamento Sintético'!D147 -> FORROS | C26: ='Orçamento Sintético'!J147 -> 619005 | D26: =$C26*D27 -> 61900.5 | E26: =$C26*E27 -> 61900.5 | F26: =$C26*F27 -> 61900.5 | G26: =$C26*G27 -> 61900.5 | H26: =$C26*H27 -> 61900.5 | I26: =$C26*I27 -> 61900.5 | J26: =$C26*J27 -> 61900.5 | K26: =$C26*K27 -> 61900.5 | ... O26: =$C26*O27 -> 0 | P26: =SUM(D26:O26) -> 619005
C27: =IFERROR(C26/$C$52,0) -> 0.055166811 | D27: 0.1 | E27: 0.1 | F27: 0.1 | G27: 0.1 | H27: 0.1 | I27: 0.1 | J27: 0.1 | K27: 0.1 | L27: 0.1 | M27: 0.05 | N27: 0.05 | P27: =SUM(D27:O27) -> 1
A28: 8.0 | B28: ='Orçamento Sintético'!D152 -> PISOS/PAVIMENTAÇÃO | C28: ='Orçamento Sintético'!J152 -> 783988.95 | D28: =$C28*D29 -> 0 | E28: =$C28*E29 -> 78398.895 | F28: =$C28*F29 -> 78398.895 | G28: =$C28*G29 -> 117598.34 | H28: =$C28*H29 -> 39199.448 | I28: =$C28*I29 -> 117598.34 | J28: =$C28*J29 -> 78398.895 | K28: =$C28*K29 -> 39199.448 | ... O28: =$C28*O29 -> 0 | P28: =SUM(D28:O28) -> 783988.95
C29: =IFERROR(C28/$C$52,0) -> 0.06987047 | E29: 0.1 | F29: 0.1 | G29: 0.15 | H29: 0.05 | I29: 0.15 | J29: 0.1 | K29: 0.05 | L29: 0.15 | M29: 0.05 | N29: 0.1 | P29: =SUM(D29:O29) -> 1
A30: 9.0 | B30: ='Orçamento Sintético'!D172 -> ESQUADRIAS DE MADEIRA | C30: ='Orçamento Sintético'!J172 -> 330471.73 | D30: =$C30*D31 -> 16523.586 | E30: =$C30*E31 -> 33047.173 | F30: =$C30*F31 -> 49570.759 | G30: =$C30*G31 -> 33047.173 | H30: =$C30*H31 -> 33047.173 | I30: =$C30*I31 -> 33047.173 | J30: =$C30*J31 -> 33047.173 | K30: =$C30*K31 -> 33047.173 | ... O30: =$C30*O31 -> 16523.586 | P30: =SUM(D30:O30) -> 330471.73
C31: =IFERROR(C30/$C$52,0) -> 0.02945222 | D31: 0.05 | E31: 0.1 | F31: 0.15 | G31: 0.1 | H31: 0.1 | I31: 0.1 | J31: 0.1 | K31: 0.1 | L31: 0.05 | M31: 0.05 | N31: 0.05 | O31: 0.05 | P31: =SUM(D31:O31) -> 1
A32: 10.0 | B32: ='Orçamento Sintético'!D186 -> ESQUADRIAS DE FERRO | C32: ='Orçamento Sintético'!J186 -> 298483.62 | D32: =$C32*D33 -> 0 | E32: =$C32*E33 -> 14924.181 | F32: =$C32*F33 -> 44772.543 | G32: =$C32*G33 -> 29848.362 | H32: =$C32*H33 -> 14924.181 | I32: =$C32*I33 -> 29848.362 | J32: =$C32*J33 -> 29848.362 | K32: =$C32*K33 -> 29848.362 | ... O32: =$C32*O33 -> 14924.181 | P32: =SUM(D32:O32) -> 298483.62
C33: =IFERROR(C32/$C$52,0) -> 0.026601384 | E33: 0.05 | F33: 0.15 | G33: 0.1 | H33: 0.05 | I33: 0.1 | J33: 0.1 | K33: 0.1 | L33: 0.1 | M33: 0.1 | N33: 0.1 | O33: 0.05 | P33: =SUM(D33:O33) -> 1
A34: 11.0 | B34: ='Orçamento Sintético'!D194 -> ESQUADRIAS DE ALUMINIO | C34: ='Orçamento Sintético'!J194 -> 328888.5 | D34: =$C34*D35 -> 16444.425 | E34: =$C34*E35 -> 9866.655 | F34: =$C34*F35 -> 23022.195 | G34: =$C34*G35 -> 49333.275 | H34: =$C34*H35 -> 32888.85 | I34: =$C34*I35 -> 49333.275 | J34: =$C34*J35 -> 49333.275 | K34: =$C34*K35 -> 32888.85 | ... O34: =$C34*O35 -> 16444.425 | P34: =SUM(D34:O34) -> 328888.5
C35: =IFERROR(C34/$C$52,0) -> 0.02931112 | D35: 0.05 | E35: 0.03 | F35: 0.07 | G35: 0.15 | H35: 0.1 | I35: 0.15 | J35: 0.15 | K35: 0.1 | L35: 0.05 | M35: 0.05 | N35: 0.05 | O35: 0.05 | P35: =SUM(D35:O35) -> 1
A36: 12.0 | B36: ='Orçamento Sintético'!D199 -> VIDROS E ESPELHOS | C36: ='Orçamento Sintético'!J199 -> 72719.14 | D36: =$C36*D37 -> 3635.957 | E36: =$C36*E37 -> 7271.914 | F36: =$C36*F37 -> 3635.957 | G36: =$C36*G37 -> 10907.871 | H36: =$C36*H37 -> 10907.871 | I36: =$C36*I37 -> 10907.871 | J36: =$C36*J37 -> 10907.871 | K36: =$C36*K37 -> 7271.914 | ... O36: =$C36*O37 -> 0 | P36: =SUM(D36:O36) -> 72719.14
C37: =IFERROR(C36/$C$52,0) -> 0.0064808573 | D37: 0.05 | E37: 0.1 | F37: 0.05 | G37: 0.15 | H37: 0.15 | I37: 0.15 | J37: 0.15 | K37: 0.1 | L37: 0.1 | P37: =SUM(D37:O37) -> 1
A38: 13.0 | B38: ='Orçamento Sintético'!D206 -> GRANITOS | C38: ='Orçamento Sintético'!J206 -> 110802.4 | D38: =$C38*D39 -> 0 | E38: =$C38*E39 -> 11080.24 | F38: =$C38*F39 -> 22160.48 | G38: =$C38*G39 -> 22160.48 | H38: =$C38*H39 -> 27700.6 | I38: =$C38*I39 -> 5540.12 | J38: =$C38*J39 -> 5540.12 | K38: =$C38*K39 -> 5540.12 | ... O38: =$C38*O39 -> 0 | P38: =SUM(D38:O38) -> 110802.4
C39: =IFERROR(C38/$C$52,0) -> 0.0098749042 | E39: 0.1 | F39: 0.2 | G39: 0.2 | H39: 0.25 | I39: 0.05 | J39: 0.05 | K39: 0.05 | L39: 0.05 | M39: 0.05 | P39: =SUM(D39:O39) -> 1
A40: 14.0 | B40: ='Orçamento Sintético'!D210 -> PISO EM CONCRETO | C40: ='Orçamento Sintético'!J210 -> 101552.5 | D40: =$C40*D41 -> 0 | E40: =$C40*E41 -> 0 | F40: =$C40*F41 -> 10155.25 | G40: =$C40*G41 -> 20310.5 | H40: =$C40*H41 -> 25388.125 | I40: =$C40*I41 -> 25388.125 | J40: =$C40*J41 -> 10155.25 | K40: =$C40*K41 -> 10155.25 | ... O40: =$C40*O41 -> 0 | P40: =SUM(D40:O40) -> 101552.5
C41: =IFERROR(C40/$C$52,0) -> 0.0090505369 | F41: 0.1 | G41: 0.2 | H41: 0.25 | I41: 0.25 | J41: 0.1 | K41: 0.1 | P41: =SUM(D41:O41) -> 1
A42: 15.0 | B42: ='Orçamento Sintético'!D215 -> PINTURA | C42: ='Orçamento Sintético'!J215 -> 732141.7 | D42: =$C42*D43 -> 0 | E42: =$C42*E43 -> 73214.17 | F42: =$C42*F43 -> 36607.085 | G42: =$C42*G43 -> 73214.17 | H42: =$C42*H43 -> 73214.17 | I42: =$C42*I43 -> 36607.085 | J42: =$C42*J43 -> 73214.17 | K42: =$C42*K43 -> 73214.17 | ... O42: =$C42*O43 -> 73214.17 | P42: =SUM(D42:O42) -> 732141.7
C43: =IFERROR(C42/$C$52,0) -> 0.065249752 | E43: 0.1 | F43: 0.05 | G43: 0.1 | H43: 0.1 | I43: 0.05 | J43: 0.1 | K43: 0.1 | L43: 0.1 | M43: 0.1 | N43: 0.1 | O43: 0.1 | P43: =SUM(D43:O43) -> 1
A44: 16.0 | B44: ='Orçamento Sintético'!D233 -> INSTALAÇÃO HIDROSANITÁRIAS /LOUÇAS/METAIS/BANCADAS E DIVISORIAS | C44: ='Orçamento Sintético'!J233 -> 460110.4 | D44: =$C44*D45 -> 46011.04 | E44: =$C44*E45 -> 46011.04 | F44: =$C44*F45 -> 46011.04 | G44: =$C44*G45 -> 46011.04 | H44: =$C44*H45 -> 46011.04 | I44: =$C44*I45 -> 46011.04 | J44: =$C44*J45 -> 46011.04 | K44: =$C44*K45 -> 46011.04 | ... O44: =$C44*O45 -> 0 | P44: =SUM(D44:O44) -> 460110.4
C45: =IFERROR(C44/$C$52,0) -> 0.041005846 | D45: 0.1 | E45: 0.1 | F45: 0.1 | G45: 0.1 | H45: 0.1 | I45: 0.1 | J45: 0.1 | K45: 0.1 | L45: 0.1 | M45: 0.1 | P45: =SUM(D45:O45) -> 1
A46: 17.0 | B46: ='Orçamento Sintético'!D294 -> INSTALAÇÃO ELETRICAS | C46: ='Orçamento Sintético'!J294 -> 1020192 | D46: =$C46*D47 -> 0 | E46: =$C46*E47 -> 102019.2 | F46: =$C46*F47 -> 102019.2 | G46: =$C46*G47 -> 102019.2 | H46: =$C46*H47 -> 102019.2 | I46: =$C46*I47 -> 102019.2 | J46: =$C46*J47 -> 102019.2 | K46: =$C46*K47 -> 102019.2 | ... O46: =$C46*O47 -> 0 | P46: =SUM(D46:O46) -> 1020192
C47: =IFERROR(C46/$C$52,0) -> 0.090921303 | E47: 0.1 | F47: 0.1 | G47: 0.1 | H47: 0.1 | I47: 0.1 | J47: 0.1 | K47: 0.1 | L47: 0.1 | M47: 0.1 | N47: 0.1 | P47: =SUM(D47:O47) -> 1
A48: 18.0 | B48: ='Orçamento Sintético'!D375 -> DIVERSOS | C48: ='Orçamento Sintético'!J375 -> 278570.44 | D48: =$C48*D49 -> 0 | E48: =$C48*E49 -> 27857.044 | F48: =$C48*F49 -> 27857.044 | G48: =$C48*G49 -> 27857.044 | H48: =$C48*H49 -> 27857.044 | I48: =$C48*I49 -> 27857.044 | J48: =$C48*J49 -> 27857.044 | K48: =$C48*K49 -> 27857.044 | ... O48: =$C48*O49 -> 0 | P48: =SUM(D48:O48) -> 278570.44
C49: =IFERROR(C48/$C$52,0) -> 0.024826686 | E49: 0.1 | F49: 0.1 | G49: 0.1 | H49: 0.1 | I49: 0.1 | J49: 0.1 | K49: 0.1 | L49: 0.1 | M49: 0.1 | N49: 0.1 | P49: =SUM(D49:O49) -> 1
A50: 19.0 | B50: ='Orçamento Sintético'!D390 -> ADMINISTRAÇÃO LOCAL | C50: ='Orçamento Sintético'!J390 -> 913322.94 | D50: =$C50*D51 -> 91332.294 | E50: =$C50*E51 -> 45666.147 | F50: =$C50*F51 -> 45666.147 | G50: =$C50*G51 -> 91332.294 | H50: =$C50*H51 -> 91332.294 | I50: =$C50*I51 -> 136998.44 | J50: =$C50*J51 -> 91332.294 | K50: =$C50*K51 -> 91332.294 | ... O50: =$C50*O51 -> 45666.147 | P50: =SUM(D50:O50) -> 913322.94
C51: =IFERROR(C50/$C$52,0) -> 0.081396942 | D51: 0.1 | E51: 0.05 | F51: 0.05 | G51: 0.1 | H51: 0.1 | I51: 0.15 | J51: 0.1 | K51: 0.1 | L51: 0.05 | M51: 0.05 | N51: 0.1 | O51: 0.05 | P51: =SUM(D51:O51) -> 1
A52: TOTAL = | C52: =C14+C16+C18+C20+C22+C24+C26+C28+C30+C32+C34+C36+C38+C40+C42+C44+C46+C48+C50 -> 11220605 | D52: =D14+D16+D18+D20+D22+D24+D26+D28+D30+D32+D34+D36+D38+D40+D42+D44+D46+D48+D50 -> 595882.33 | E52: =E14+E16+E18+E20+E22+E24+E26+E28+E30+E32+E34+E36+E38+E40+E42+E44+E46+E48+E50 -> 1032190.9 | F52: =F14+F16+F18+F20+F22+F24+F26+F28+F30+F32+F34+F36+F38+F40+F42+F44+F46+F48+F50 -> 1086721.5 | G52: =G14+G16+G18+G20+G22+G24+G26+G28+G30+G32+G34+G36+G38+G40+G42+G44+G46+G48+G50 -> 1168658.6 | H52: =H14+H16+H18+H20+H22+H24+H26+H28+H30+H32+H34+H36+H38+H40+H42+H44+H46+H48+H50 -> 1123332.6 | I52: =I14+I16+I18+I20+I22+I24+I26+I28+I30+I32+I34+I36+I38+I40+I42+I44+I46+I48+I50 -> 1157205.1 | J52: =J14+J16+J18+J20+J22+J24+J26+J28+J30+J32+J34+J36+J38+J40+J42+J44+J46+J48+J50 -> 1197396.6 | ... O52: =O14+O16+O18+O20+O22+O24+O26+O28+O30+O32+O34+O36+O38+O40+O42+O44+O46+O48+O50 -> 166772.51 | P52: =SUM(D52:O52) -> 11220605
C53: =C15+C17+C19+C21+C23+C25+C27+C29+C31+C33+C35+C37+C39+C41+C43+C45+C47+C49+C51 -> 1 | D53: =D52/$C$52 -> 0.053106078 | E53: =E52/$C$52 -> 0.091990659 | F53: =F52/$C$52 -> 0.096850523 | G53: =G52/$C$52 -> 0.10415291 | H53: =H52/$C$52 -> 0.10011337 | I53: =I52/$C$52 -> 0.10313215 | J53: =J52/$C$52 -> 0.10671408 | K53: =K52/$C$52 -> 0.094764075 | ... O53: =O52/$C$52 -> 0.014863059 | P53: =SUM(D53:O53) -> 1
